[Event "Early-Titled-Tuesday-Blitz-February-27-2024"]
[Site "Chess.com"]
[Date "2024.02.27"]
[Round "10"]
[White "SharapovEvgeny"]
[Black "Kazancev_Valerij_M"]
[Result "1-0"]
[WhiteElo "2517"]
[BlackElo "2405"]
[TimeControl "180+1"]
[EndTime "9:54:14 PST"]
[Termination "SharapovEvgeny won on time"]

1. e4 g6 2. d4 Bg7 3. Nc3 e6 4. h4 h5 5. Nf3 Ne7 6. Ng5 a6 7. Be3 d5 8. f3 b5 9. Qd2 Nd7 10. exd5 exd5 11. Bd3 Nb6 12. b3 Nf5 13. Bxf5 Bxf5 14.
O-O-O Qd7 15. Rhe1 O-O-O 16. Bf4 f6 17. Nh3 Bxh3 18.
gxh3 Qxh3 19. Re7 Rd7 20. Rxd7 Qxd7 21. Rg1 Qf5 22. Qh2 Bh6 23. Bxh6 Rxh6 24. Qg3 Kd7 25.
Nd1 g5 26. hxg5 Qxg5+ 27. Qxg5 fxg5 28. Rxg5 h4 29. Rg2 Nc8 30. Nf2 Nd6 31. Ng4 Rh8 32. Ne5+ Ke6 33. Ng6 Rh6 34. Nf4+ Kf5 35. Nxd5 h3 36.
Rh2 c6 37. Ne3+ Kf4 38. Ng4 Rh8 39. Kd2 Nf5 40. Nf2 Kg3 41. Rxh3+ Rxh3 42. Nxh3 Kxh3 43. Kd3 Nd6 44. d5 c5 45. b4 cxb4 46. Kd4 Nb7 47. Ke5 a5 48. f4 Kg4 49. f5 Kg5 50. f6 1-0

[Event "Early-Titled-Tuesday-Blitz-February-27-2024"]
[Site "Chess.com"]
[Date "2024.02.27"]
[Round "10"]
[White "toninhojit"]
[Black "djano"]
[Result "1-0"]
[WhiteElo "2472"]
[BlackElo "2577"]
[TimeControl "180+1"]
[EndTime "9:54:19 PST"]
[Termination "toninhojit won by resignation"]

1. d4 g6 2. c4 Bg7 3. e4 d6 4. Nc3 Nf6 5. Be2 O-O 6. Bg5 c5 7. d5 h6 8. Be3 e6 9. Qd2 exd5 10. exd5 Kh7 11. Nf3 Ng4 12. Bf4 b5 13. cxb5 a6 14. bxa6 Bxa6 15. Bxa6 Nxa6 16. O-O Rb8 17. Rfe1 Qb6 18. Rab1 Qb4 19. Bxd6 Rfd8 20. Bxb8 Qxb8 21. h3 Nf6 22. a3 Nc7 23. d6 Ne6 24. Rbd1 Nh5 25.
d7 Nd4 26. Nxd4 cxd4 27. Ne2 Rxd7 28. Nc1 Nf4 29. Nd3 Ne6 30. b4 h5 31. a4 Bh6 32.
Qb2 Rc7 33. b5 Ra7 34. Qb3 g5 35. b6 Rb7 36. a5 g4 37. hxg4 hxg4 38. Rb1 g3 39. a6 gxf2+ 40. Nxf2 Re7 41. Qd5 Be3 42. a7 Rxa7 43. bxa7 Qxa7 44. Rb7 Bxf2+ 45. Kxf2 Qa2+ 46. Qxa2 1-0

[Event "Early-Titled-Tuesday-Blitz-February-27-2024"]
[Site "Chess.com"]
[Date "2024.02.27"]
[Round "10"]
[White "ClauSanLuis"]
[Black "maroro07"]
[Result "1-0"]
[WhiteElo "2335"]
[BlackElo "2405"]
[TimeControl "180+1"]
[EndTime "9:54:22 PST"]
[Termination "ClauSanLuis won by resignation"]

1. d4 Nf6 2. Bg5 d5 3. Bxf6 gxf6 4. e3 e5 5. Ne2 Be6 6. Ng3 Nd7 7. c3 c6 8. Nd2 Qb6 9. Qb3 Bh6 10. Nf3 a5 11.
Bd3 e4 12. Qxb6 Nxb6 13. Bxe4 dxe4 14. Nxe4 Ke7 15. Nc5 Nc4 16. b3 Nd6 17. Na4 Rhg8 18. Rg1 Bd5 19. Ke2 b5 20. Nc5 Ne4 21. Rac1 Nxc5 22. dxc5 a4 23. Nd4 Bf8 24. c4 bxc4 25. bxc4 Bxg2 26. Nf5+ Ke6 27. Nh4 Bxc5 28. Nxg2 Rab8 29.
Nf4+ Ke7 30. Rxg8 Rxg8 31. Rb1 Bd6 32. Rb7+ Kf8 33. Nh5 Rg5 34. Nxf6 Rg2 35. h4 Rh2 36. h5 Bg3 37. Ng4 Bh4 38. Nxh2 1-0

[Event "Early-Titled-Tuesday-Blitz-February-27-2024"]
[Site "Chess.com"]
[Date "2024.02.27"]
[Round "10"]
[White "DonCiao"]
[Black "hmatyi07"]
[Result "0-1"]
[WhiteElo "2102"]
[BlackElo "2292"]
[TimeControl "180+1"]
[EndTime "9:54:26 PST"]
[Termination "hmatyi07 won on time"]

1. c4 Nf6 2. g3 e5 3. Bg2 c6 4. Nf3 e4 5. Nd4 d5 6. cxd5 cxd5 7. d3 Nc6 8. dxe4 Bb4+ 9. Nc3 Qa5 10.
Nb3 Bxc3+ 11. bxc3 Qxc3+ 12. Bd2 Qe5 13. exd5 Nxd5 14. O-O O-O 15. Rc1 Bg4 16. Rc5 Rfd8 17. Qa1 Qe6 18. e4 Nf6 19. Bc3 b6 20. Rg5 h6 21.
Rxg4 Nxg4 22. Bxg7 Nge5 0-1

[Event "Early-Titled-Tuesday-Blitz-February-27-2024"]
[Site "Chess.com"]
[Date "2024.02.27"]
[Round "10"]
[White "Licancabur"]
[Black "Pelusiansky"]
[Result "1-0"]
[WhiteElo "2504"]
[BlackElo "2587"]
[TimeControl "180+1"]
[EndTime "9:54:27 PST"]
[Termination "Licancabur won by resignation"]

1. d4 d5 2. Bg5 Nf6 3. e3 Ne4 4. Bf4 c6 5. Bd3 Qb6 6. Qc1 g6 7. Nf3 Bg7 8. O-O O-O 9. c4 Bf5 10. Qc2 Nd7 11. Nh4 e6 12. Nxf5 gxf5 13. f3 Nef6 14. c5 Qd8 15. Nc3 Kh8 16. Kh1 Rg8 17.
Rg1 Nh5 18. Bd6 Qh4 19. g4 fxg4 20. Rxg4 Qh3 21. Qf2 Nhf6 22. Rh4 Ng4 23. fxg4 Qxh4 24. Qxh4 1-0

[Event "Early-Titled-Tuesday-Blitz-February-27-2024"]
[Site "Chess.com"]
[Date "2024.02.27"]
[Round "10"]
[White "artin10862"]
[Black "GeorgiosSouleidis"]
[Result "1-0"]
[WhiteElo "2881"]
[BlackElo "2706"]
[TimeControl "180+1"]
[EndTime "9:54:28 PST"]
[Termination "artin10862 won by resignation"]

1. e4 c5 2. Nf3 e6 3. d4 cxd4 4. Nxd4 Nf6 5. Nc3 Nc6 6. Nxc6 bxc6 7.
e5 Nd5 8. Ne4 Qc7 9. f4 Qb6 10.
c4 Ne3 11. Qd3 Bb4+ 12. Ke2 Nxc4 13. Kf3 Ba6 14. Qc2 Qd4 15. Be2 f5 16. exf6 d5 17. Ng5 Qxf6 18. Qa4 Ne5+ 19. Kg3 Bxe2 20. fxe5 Qf5 21.
Qxc6+ Ke7 22. Qb7+ Kd8 23. Qxa8+ Kd7 24. Qb7+ Kd8 25.
Qxb4 h6 26. Qb8+ Kd7 27. Qxh8 hxg5 28. Qxg7+ Kc6 29. Qxg5 Qd3+ 30. Qe3 Qg6+ 31. Kf2 Ba6 32. Re1 1-0

[Event "Early-Titled-Tuesday-Blitz-February-27-2024"]
[Site "Chess.com"]
[Date "2024.02.27"]
[Round "10"]
[White "OneTrickPony_82"]
[Black "ArtemDyachuk"]
[Result "0-1"]
[WhiteElo "2539"]
[BlackElo "2695"]
[TimeControl "180+1"]
[EndTime "9:54:28 PST"]
[Termination "ArtemDyachuk won by resignation"]

1. d4 Nf6 2. c4 e6 3. Nf3 c5 4. d5 d6 5. Nc3 exd5 6. cxd5 g6 7.
Bf4 Bg7 8. e3 O-O 9. h3 Ne8 10.
Bd3 Nd7 11. O-O Ne5 12. Bxe5 dxe5 13. e4 Nd6 14. Nb5 a6 15. Nxd6 Qxd6 16. a4 b6 17.
Qe2 h6 18. Rfc1 Bb7 19. Rab1 Rfc8 20. Nd2 h5 21. Nc4 Qd8 22. b4 cxb4 23. Rxb4 Bf8 24. Rbb1 Qg5 25. h4 Qxh4 26. Nxb6 Rxc1+ 27. Rxc1 Rb8 28. Nd7 Bh6 29. Rb1 Rc8 30. Nxe5 Qe7 31. Nf3 Rd8 32. Bxa6 Bxa6 33. Qxa6 Qxe4 34. Rd1 Bf8 35.
d6 Qe6 36. Ng5 Qg4 37. Nf3 Qe6 38. a5 Bxd6 39. Qb6 Bh2+ 40. Kxh2 Qxb6 41. axb6 Rxd1 0-1

[Event "Early-Titled-Tuesday-Blitz-February-27-2024"]
[Site "Chess.com"]
[Date "2024.02.27"]
[Round "10"]
[White "talaicito"]
[Black "elchacal664"]
[Result "0-1"]
[WhiteElo "2277"]
[BlackElo "2408"]
[TimeControl "180+1"]
[EndTime "9:54:29 PST"]
[Termination "elchacal664 won by checkmate"]

1. d4 e5 2. dxe5 Nc6 3. Nf3 Ke7 4. Nc3 Ke8 5. e4 Bb4 6. Bd2 Qe7 7. Nd5 Bxd2+ 8.
Qxd2 Qd8 9. Bc4 Nge7 10. O-O-O Ng6 11. Qc3 Rb8 12. h4 b5 13. h5 Nf8 14. Be2 b4 15.
Qe3 h6 16. g4 Ne6 17. Nh4 Nxe5 18. f4 Nc6 19. Nf5 Kf8 20. e5 Bb7 21. Rhg1 a5 22. Rdf1 a4 23. g5 hxg5 24. fxg5 b3 25.
cxb3 axb3 26. a3 Na5 27. Nf4 Nxf4 28. Qxf4 Qe8 29. Qb4+ Kg8 30. Ne7+ Kf8 31. Ng6+ Kg8 32.
Nxh8 Qxe5 33. Nxf7 Qxe2 34. Qc3 Qc2+ 35. Qxc2 bxc2 36.
h6 Be4 37. hxg7 Nb3# 0-1

[Event "Early-Titled-Tuesday-Blitz-February-27-2024"]
[Site "Chess.com"]
[Date "2024.02.27"]
[Round "10"]
[White "SuperBlitz2013"]
[Black "koncheto"]
[Result "1-0"]
[WhiteElo "2272"]
[BlackElo "2450"]
[TimeControl "180+1"]
[EndTime "9:54:31 PST"]
[Termination "SuperBlitz2013 won by resignation"]

1. e4 Nf6 2. e5 Nd5 3. d4 b5 4. c4 bxc4 5. Bxc4 e6 6. Nc3 Nxc3 7. bxc3 Bb7 8. Nf3 Be7 9. O-O O-O 10. Re1 d6 11. Rb1 Bc6 12. Qe2 Nd7 13. Bf4 Rb8 14.
Rxb8 Qxb8 15. h4 Qa8 16. Ng5 Bd5 17. Bd3 g6 18. Nxh7 Rb8 19. Ng5 dxe5 20. dxe5 Nc5 21. h5 Nxd3 22. Qxd3 Bxg5 23. Bxg5 Kh7 24. hxg6+ fxg6 25. Qh3+ Kg7 26. Bf6+ Kf7 27. Qh7+ 1-0

[Event "Early-Titled-Tuesday-Blitz-February-27-2024"]
[Site "Chess.com"]
[Date "2024.02.27"]
[Round "10"]
[White "GaiozNigalidze"]
[Black "AlexeiShirov"]
[Result "0-1"]
[WhiteElo "2683"]
[BlackElo "2870"]
[TimeControl "180+1"]
[EndTime "9:54:32 PST"]
[Termination "AlexeiShirov won on time"]

1. d4 d5 2. c4 c6 3. cxd5 cxd5 4. Nc3 Nf6 5. Bf4 Nc6 6. e3 Bg4 7. Qb3 Na5 8. Qa4+ Bd7 9. Bb5 e6 10. Bxd7+ Nxd7 11. Nf3 a6 12. O-O b5 13. Qd1 Be7 14.
Ne5 Nxe5 15. Bxe5 O-O 16. b3 Rc8 17. Rc1 Ba3 18. Rc2 Nc6 19. Nb1 Be7 20. Bg3 Qa5 21.
Qc1 Qb6 22. Qb2 Nb4 23. Rxc8 Rxc8 24. Rc1 Rxc1+ 25. Qxc1 Qc6 26. Qxc6 Nxc6 27. Kf1 Nb4 28. a4 bxa4 29. bxa4 Nd3 30. Ke2 Nb2 31. Nc3 Bb4 32. Na2 Ba5 33. Bd6 Nxa4 34. Kd3 Nb2+ 35. Kc2 Nc4 36. Bb4 Bc7 37. g3 f5 38. Nc3 Kf7 39. Na4 g5 40. Nc5 a5 41. Bc3 h5 42.
Kd3 g4 43. Na4 Nd6 0-1

[Event "Early-Titled-Tuesday-Blitz-February-27-2024"]
[Site "Chess.com"]
[Date "2024.02.27"]
[Round "10"]
[White "kids2010"]
[Black "Statham_01"]
[Result "1-0"]
[WhiteElo "2870"]
[BlackElo "2567"]
[TimeControl "180+1"]
[EndTime "9:54:34 PST"]
[Termination "kids2010 won by checkmate"]

1. e4 e5 2. Nf3 Nf6 3. Nxe5 Nc6 4.
Nxc6 dxc6 5. d3 Bc5 6. Be2 h5 7. Bg5 Qd4 8. Be3 Qxb2 9. Nd2 Bxe3 10. fxe3 Ng4 11. Bxg4 hxg4 12. Qc1 Qe5 13. d4 Qg5 14. Nf1 Qg6 15. Ng3 Be6 16. Qa3 a6 17. O-O-O O-O-O 18. Qc5 Kb8 19. d5 cxd5 20. exd5 Qg5 21. c4 Bd7 22.
Kd2 f5 23. Ne2 c6 24. Rb1 Bc8 25. Nd4 Ka8 26. Nxc6 bxc6 27. Qxc6+ Ka7 28. Qb6+ Ka8 29. Qb8# 1-0

[Event "Early-Titled-Tuesday-Blitz-February-27-2024"]
[Site "Chess.com"]
[Date "2024.02.27"]
[Round "10"]
[White "RantomOpening"]
[Black "Kotofeyca"]
[Result "0-1"]
[WhiteElo "2559"]
[BlackElo "2445"]
[TimeControl "180+1"]
[EndTime "9:54:36 PST"]
[Termination "Kotofeyca won by checkmate"]

1. c4 c6 2. Nf3 d5 3. e3 Nf6 4. Nc3 a6 5. h3 Bf5 6. cxd5 cxd5 7. Qb3 Bc8 8. d4 Nc6 9. Ne5 Na5 10. Qa4+ b5 11.
Nxb5 axb5 12. Bxb5+ Bd7 13. Nxd7 Nxd7 14. b4 Nc6 15.
Bxc6 Rxa4 16. Bxa4 e6 17. Bd2 Qb8 18. Rb1 Bd6 19.
O-O Ke7 20. Rfc1 Rc8 21. Bc6 Qb6 22. b5 Nb8 23. a4 Ba3 24. a5 Qd8 25. Rc2 Nxc6 26.
bxc6 Bd6 27. Rb7+ Kf6 28. a6 Rc7 29. a7 Qa8 30. Ra2 Rxc6 31. Bb4 Rc1+ 32. Be1 Rxe1# 0-1

[Event "Early-Titled-Tuesday-Blitz-February-27-2024"]
[Site "Chess.com"]
[Date "2024.02.27"]
[Round "10"]
[White "BallottiLuca"]
[Black "mary-sanna"]
[Result "0-1"]
[WhiteElo "2377"]
[BlackElo "2199"]
[TimeControl "180+1"]
[EndTime "9:54:37 PST"]
[Termination "mary-sanna won by checkmate"]

1. d4 d5 2. c4 e6 3. Nc3 Nf6 4. Nf3 c5 5. cxd5 exd5 6. Bg5 c4 7. Bxf6 gxf6 8. g3 Nc6 9. Bg2 h5 10. h4 Be6 11. O-O a6 12. Ne1 Bd6 13. Nc2 Qd7 14.
Ne3 Ne7 15. Nexd5 Nxd5 16. Bxd5 Bh3 17. Bxc4 Bxf1 18. Qxf1 Rg8 19. Qg2 Bxg3 20. fxg3 Qxd4+ 21. Kh2 Qxc4 22. Nd5 Qc6 23. Qe4+ Kf8 24. Rd1 Re8 25. Qb4+ Kg7 26. Ne7 Qe6 27. Nxg8 Qxe2+ 28. Kh3 Qxd1 29. Qxb7 Qg4+ 30. Kh2 Re2+ 31. Kg1 Qd4+ 32. Kh1 Qd1# 0-1

[Event "Early-Titled-Tuesday-Blitz-February-27-2024"]
[Site "Chess.com"]
[Date "2024.02.27"]
[Round "10"]
[White "FMStan15"]
[Black "JAN2404"]
[Result "1-0"]
[WhiteElo "2077"]
[BlackElo "1965"]
[TimeControl "180+1"]
[EndTime "9:54:37 PST"]
[Termination "FMStan15 won by resignation"]

1. e4 c5 2. c3 d6 3. d4 cxd4 4. cxd4 Nf6 5. Nc3 Nc6 6. h3 e5 7. Nf3 Be7 8. d5 Nb8 9. Bd3 O-O 10. O-O a5 11. a4 Nbd7 12. Be3 Nc5 13. Bxc5 dxc5 14.
Nxe5 Bd6 15. Nc4 Re8 16. f4 Bc7 17. e5 h6 18. exf6 Qxf6 19. d6 Qd4+ 20. Kh1 Bd8 21.
Nb5 Qf6 22. Qf3 Be6 23. Ne5 Rb8 24. d7 Re7 25. Rad1 g6 26. Be4 Bb3 27. Rd6 Be6 28. Rc1 Kg7 29. Rxc5 b6 30. Rc8 Qh4 31. Rxb8 1-0

[Event "Early-Titled-Tuesday-Blitz-February-27-2024"]
[Site "Chess.com"]
[Date "2024.02.27"]
[Round "10"]
[White "maurovargas01"]
[Black "shirovin"]
[Result "0-1"]
[WhiteElo "1857"]
[BlackElo "2076"]
[TimeControl "180+1"]
[EndTime "9:54:37 PST"]
[Termination "shirovin won on time"]

1. e4 c5 2. Nc3 Nc6 3. f4 g6 4.
Nf3 Bg7 5. Bb5 Nd4 6. Bc4 a6 7. a4 e6 8. e5 d6 9. exd6 Qxd6 10. Ne4 Qc7 11. d3 Ne7 12. c3 Nxf3+ 13. Qxf3 O-O 14.
O-O Rb8 15. Kh1 b5 16. axb5 axb5 17. Bb3 b4 18. Bc4 bxc3 19. bxc3 Bb7 20. Qh3 h6 21. Bd2 Nf5 22. Qf3 Nd6 23. Ba2 Nxe4 24. dxe4 Rbd8 25. Rad1 c4 26. Bb1 Rd7 27. Bc1 Rfd8 28. Rxd7 Qxd7 29. Qh3 Kh7 30. f5 exf5 31. exf5 Qc6 32. fxg6+ fxg6 33. Qg3 Rd7 34. h3 Re7 35. Rd1 Re2 0-1

[Event "Early-Titled-Tuesday-Blitz-February-27-2024"]
[Site "Chess.com"]
[Date "2024.02.27"]
[Round "10"]
[White "vishwa_vijeta"]
[Black "GreenPeach24"]
[Result "1-0"]
[WhiteElo "2602"]
[BlackElo "2481"]
[TimeControl "180+1"]
[EndTime "9:54:39 PST"]
[Termination "vishwa_vijeta won by checkmate"]

1. e4 c6 2. c4 d5 3. cxd5 cxd5 4. exd5 Nf6 5. Nc3 Nxd5 6. Nf3 Nc6 7. d4 e6 8. Bd3 Be7 9. O-O O-O 10. Re1 Ncb4 11. Bb1 Nf6 12. Ne5 Nbd5 13. Qd3 h6 14. Ng4 Re8 15. Nxd5 Qxd5 16. Nxf6+ Bxf6 17. Qh7+ Kf8 18. b3 Ke7 19. Ba3+ Kd8 20. Be4 Qa5 21. Bc5 Rb8 22. Bd6 Ra8 23. Rac1 Qd2 24. d5 Qxe1+ 25. Rxe1 exd5 26.
Rd1 Rxe4 27. h3 Re8 28. Rxd5 Be6 29. Rd1 Rc8 30. Qe4 Rc6 31. Bg3+ Kc8 32. Qf4 Be5 33. Qxe5 Re7 34. Qb8# 1-0

[Event "Early-Titled-Tuesday-Blitz-February-27-2024"]
[Site "Chess.com"]
[Date "2024.02.27"]
[Round "10"]
[White "newauto"]
[Black "TheAlienParty"]
[Result "0-1"]
[WhiteElo "2204"]
[BlackElo "2382"]
[TimeControl "180+1"]
[EndTime "9:54:39 PST"]
[Termination "TheAlienParty won by resignation"]

1. d4 Nf6 2. Nf3 d6 3. Bg5 Ne4 4. Bh4 c5 5. Nbd2 Nxd2 6. Qxd2 cxd4 7. Nxd4 Nc6 8. e3 Nxd4 9. exd4 Qb6 10. c3 Bf5 11. a4 Rc8 12. Bb5+ Bd7 13. Bxd7+ Kxd7 14. O-O e6 15. a5 Qb5 16. Rfd1 h6 17. d5 exd5 18.
Qf4 f6 19. Qf5+ Kc7 20. Rxd5 Qxb2 21. Rb1 Re8 22. h3 Qxc3 23. Rdd1 Qe5 24. Rdc1+ Kb8 25. Qf3 Qe4 26. Qb3 f5 27. Re1 Qxe1+ 28. Rxe1 Rxe1+ 29.
Kh2 Be7 30. a6 b6 31. Qd5 Kc7 32. Qb7+ Kd8 33. Bxe7+ Rxe7 34. Qb8+ Kd7 35. Qxh8 b5 36. Qb8 Kc6 37. Qc8+ Rc7 38. Qxf5 Kb6 39. Qg6 Kxa6 40. Qxd6+ Kb7 41. Qb4 Kb6 42. f4 a5 43. Qd6+ Rc6 44. Qd4+ Rc5 45. f5 b4 46. g4 Kb5 47. Qd7+ Kc4 48.
Qf7+ Kd3 49. Qxg7 b3 50. Qb2 Rc2+ 51. Qxc2+ bxc2 52. h4 c1=Q 53. Kg3 Qe3+ 54. Kg2 Ke4 55. f6 Qf3+ 56. Kh2 Qxf6 0-1

[Event "Early-Titled-Tuesday-Blitz-February-27-2024"]
[Site "Chess.com"]
[Date "2024.02.27"]
[Round "10"]
[White "ikhasu"]
[Black "FredddieCroderg"]
[Result "1-0"]
[WhiteElo "2435"]
[BlackElo "2283"]
[TimeControl "180+1"]
[EndTime "9:54:40 PST"]
[Termination "ikhasu won by checkmate"]

1. e4 c6 2. d4 d5 3. exd5 cxd5 4. c4 Nf6 5. Nc3 e6 6. Nf3 Be7 7. Bd3 O-O 8. O-O dxc4 9. Bxc4 b6 10. Qe2 Bb7 11. Bg5 Nc6 12. Rfd1 Nb4 13. Ne5 Nbd5 14. Bd3 Rc8 15. Rac1 g6 16. Bb1 Nxc3 17. bxc3 Qd5 18. f3 Qd8 19. c4 Nd5 20. Bh6 Bg5 21. Bxf8 Bxc1 22. Rxc1 Qxf8 23. Qd2 Nf6 24. Qf4 Nh5 25. Qe3 Rd8 26. c5 Bd5 27. c6 Ng7 28. Bd3 Nf5 29. Bxf5 exf5 30. Nd7 Qd6 31. Qg5 Rc8 32. Qf6 Rxc6 33.
Rxc6 Qxc6 34. Qd8+ Kg7 35. Qf8# 1-0

[Event "Early-Titled-Tuesday-Blitz-February-27-2024"]
[Site "Chess.com"]
[Date "2024.02.27"]
[Round "10"]
[White "MaxLeto"]
[Black "Al_Shima"]
[Result "0-1"]
[WhiteElo "2509"]
[BlackElo "2428"]
[TimeControl "180+1"]
[EndTime "9:54:44 PST"]
[Termination "Al_Shima won on time"]

1. g4 d5 2. Bg2 Bxg4 3. c4 c6 4. Qb3 Nf6 5. Qxb7 Nbd7 6. Nc3 e6 7. Qxc6 Rc8 8. Qa6 dxc4 9. Nf3 Bc5 10. O-O O-O 11. Kh1 Bb6 12. Na4 Nc5 13. Nxc5 Rxc5 14. b4 Rc8 15. a4 Ne4 16. e3 Qf6 17. Ng1 Nxf2+ 18. Rxf2 Qxf2 19. a5 Bc7 20. Qxc4 Qh4 21. h3 Qg3 22. Qxc7 Rxc7 23. hxg4 f5 24. Bb2 Qh4+ 25. Nh3 fxg4 0-1

[Event "Early-Titled-Tuesday-Blitz-February-27-2024"]
[Site "Chess.com"]
[Date "2024.02.27"]
[Round "10"]
[White "HansOnTwitch"]
[Black "Grischuk"]
[Result "1-0"]
[WhiteElo "3163"]
[BlackElo "3055"]
[TimeControl "180+1"]
[EndTime "9:54:47 PST"]
[Termination "HansOnTwitch won by resignation"]

1. e4 e5 2. Nf3 Nc6 3. Bc4 Bc5 4. d3 Nf6 5. O-O d6 6. c3 a6 7.
Re1 Ba7 8. Nbd2 O-O 9. Nf1 Na5 10.
Bb3 Nxb3 11. axb3 Ng4 12. d4 f5 13. Bg5 Qd7 14. h3 fxe4 15. Rxe4 Nf6 16. Bxf6 gxf6 17. Rh4 Kh8 18. Ng3 Qf7 19. Qc2 Be6 20. c4 Rg8 21. Re1 Rg6 22. Nf5 Rag8 23. g3 Qf8 24. Kh2 c6 25. Rh5 Bxf5 26. Rxf5 Bxd4 27. Nxd4 exd4 28. b4 c5 29. Re6 b6 30. Qe4 Qf7 31. b3 Qg7 32. Qf3 Qd7 33. Rexf6 Rxf6 34. Rxf6 Qe7 35.
bxc5 bxc5 36. Rf7 Qe6 37. Qb7 Qg6 38. Qe7 h6 39. Rf6 Qg7 40. Qe6 Qg5 41. Rxh6+ 1-0

[Event "Early-Titled-Tuesday-Blitz-February-27-2024"]
[Site "Chess.com"]
[Date "2024.02.27"]
[Round "10"]
[White "annamaja"]
[Black "Nouali_Mohamed"]
[Result "1-0"]
[WhiteElo "2440"]
[BlackElo "2525"]
[TimeControl "180+1"]
[EndTime "9:54:48 PST"]
[Termination "annamaja won on time"]

1. e4 c5 2. Nf3 Nc6 3. Bb5 Qc7 4. O-O e6 5. Bxc6 Qxc6 6. Re1 a6 7. a4 Nf6 8. e5 Nd5 9. c4 Nb4 10. Qb3 b6 11. d4 Bb7 12. Bd2 a5 13. dxc5 Bxc5 14. Nc3 O-O 15. Ne4 Be7 16. Nd4 Qc7 17. Qg3 Kh8 18.
Rac1 Bxe4 19. Rxe4 f5 20. Nb5 Qb7 21. Rd4 Bc5 22. Rh4 f4 23. Bxf4 Rf5 24. Qh3 Kg8 25. g3 1-0

[Event "Early-Titled-Tuesday-Blitz-February-27-2024"]
[Site "Chess.com"]
[Date "2024.02.27"]
[Round "10"]
[White "Leebit02"]
[Black "chess94cu"]
[Result "0-1"]
[WhiteElo "2537"]
[BlackElo "2690"]
[TimeControl "180+1"]
[EndTime "9:54:49 PST"]
[Termination "chess94cu won by resignation"]

1. d4 Nf6 2. c4 e6 3. Nf3 d5 4.
g3 Be7 5. Bg2 O-O 6. O-O dxc4 7.
Qc2 a6 8. a4 Bd7 9. Qxc4 Bc6 10. Bf4 Bd6 11. Qc1 a5 12. Nc3 Na6 13. Rd1 Bxf3 14. Bxf3 c6 15. e4 Bxf4 16. gxf4 Nb4 17. Kh1 Qe7 18. e5 Nfd5 19. Rg1 Qh4 20. Rg4 Qxf2 21.
Rg3 Nd3 22. Qb1 N3xf4 23. Qe4 Qxb2 24. Rag1 g6 25. Nxd5 Nxd5 26. Bg4 Rae8 27. Bh5 Ne7 28. Bxg6 fxg6 29. Rxg6+ Nxg6 30. Rxg6+ Kh8 31. Rg1 Qf2 32. Qh4 Qxh4 0-1

[Event "Early-Titled-Tuesday-Blitz-February-27-2024"]
[Site "Chess.com"]
[Date "2024.02.27"]
[Round "10"]
[White "RandomNoob04"]
[Black "Preobrazhenska_D2011"]
[Result "0-1"]
[WhiteElo "2597"]
[BlackElo "2450"]
[TimeControl "180+1"]
[EndTime "9:54:49 PST"]
[Termination "Preobrazhenska_D2011 won by resignation"]

1. e4 c5 2. d4 cxd4 3. c3 dxc3 4. Nxc3 Nc6 5. Nf3 d6 6. Bc4 a6 7.
O-O Nf6 8. Bf4 e6 9. Qe2 Be7 10. Rfd1 Qc7 11. Rac1 O-O 12. Bb3 Qb8 13. Na4 e5 14.
Bg5 Bg4 15. Nb6 Ra7 16. h3 Nd4 17. Rxd4 Bxf3 18. Qxf3 exd4 19. Bxf6 Bxf6 20. Nd7 Qd8 21.
Nxf8 Kxf8 22. Qf5 g6 23. Qd5 Qe7 24. Rc8+ Kg7 25. a4 b6 26. Rc6 Rc7 27. Rxb6 Rc1+ 28.
Kh2 Be5+ 29. g3 Qf6 30. Kg2 Rc5 31. Qa8 d3 32. Rb7 d5 33. Qxa6 Qxa6 34. Rd7 Rc4 35. Rxd5 Rb4 36. Ba2 Rd4 37. Rxe5 d2 38. Bb3 d1=Q 39.
Bxd1 Rxd1 40. Rc5 Qf1+ 41. Kf3 Qh1+ 42. Kf4 Qg1 43. Ke5 Qxf2 44. Rd5 Qxb2+ 45. Kd6 Rxd5+ 46. exd5 Qb6+ 47. Kd7 Qb7+ 48. Kd6 Qa6+ 49. Kc7 Qxa4 50. d6 Qc4+ 51. Kb7 Qd5+ 52. Kc7 Qc5+ 53. Kb7 Qxd6 0-1

[Event "Early-Titled-Tuesday-Blitz-February-27-2024"]
[Site "Chess.com"]
[Date "2024.02.27"]
[Round "10"]
[White "KorolDimitriy75"]
[Black "HajiyevKanan"]
[Result "1-0"]
[WhiteElo "2426"]
[BlackElo "2506"]
[TimeControl "180+1"]
[EndTime "9:54:50 PST"]
[Termination "KorolDimitriy75 won on time"]

1. d4 d5 2. c4 c6 3. Nc3 Nf6 4.
e3 a6 5. Nf3 Bg4 6. Be2 e6 7.
O-O Nbd7 8. b3 Bb4 9. Bb2 O-O 10.
Ne5 Bxe2 11. Qxe2 Nxe5 12. dxe5 Nd7 13. Rad1 Qa5 14. Qc2 b5 15. e4 bxc4 16. bxc4 Nxe5 17. cxd5 cxd5 18. Nxd5 Rac8 19. Qb3 exd5 20. Rxd5 Rc5 21.
Bxe5 Re8 22. Rd7 Rf8 23. Bd6 Qb5 24. Bxf8 Qxd7 25. Qxb4 Rb5 26. Qd6 Qe8 27. Be7 Rb7 28. Bh4 Rd7 29. Qc6 h6 30. h3 a5 31. Rc1 Re7 32. Bxe7 1-0

[Event "Early-Titled-Tuesday-Blitz-February-27-2024"]
[Site "Chess.com"]
[Date "2024.02.27"]
[Round "10"]
[White "publicaccountcze"]
[Black "PavelChernomordik"]
[Result "0-1"]
[WhiteElo "2220"]
[BlackElo "2392"]
[TimeControl "180+1"]
[EndTime "9:54:50 PST"]
[Termination "PavelChernomordik won on time"]

1. e4 g6 2. d4 Bg7 3. f4 d6 4. Nf3 c5 5. c3 cxd4 6. cxd4 Bg4 7. Nc3 Bxf3 8. gxf3 e6 9. Qa4+ Nd7 10. Bb5 a6 11.
Bxd7+ Qxd7 12. Qxd7+ Kxd7 13. Be3 Ne7 14. O-O-O Rhc8 15. Kb1 b5 16. h4 h5 17. Rh2 Rc4 18. Rc2 Rac8 19. Rd3 Bf6 20. e5 Bxh4 21. exd6 Nf5 22. b3 Nxe3 23. Rxe3 Rxd4 24. Ne4 Rxc2 25. Kxc2 Bd8 26. Kc3 Bb6 27. Rd3 Rxd3+ 28. Kxd3 f5 29. Nf6+ Kxd6 30. Nh7 Ke7 31. Ng5 h4 32. a4 Bc7 33.
Ke3 Kd6 34. axb5 axb5 35. Kf2 Kd5 36. Kg2 Bxf4 37. Nf7 e5 38. Kh3 g5 39. b4 e4 40. Nh6 Ke6 41. Ng8 exf3 42. Nf6 g4+ 0-1

[Event "Early-Titled-Tuesday-Blitz-February-27-2024"]
[Site "Chess.com"]
[Date "2024.02.27"]
[Round "10"]
[White "azikom"]
[Black "Brahianzevich"]
[Result "1-0"]
[WhiteElo "2617"]
[BlackElo "2497"]
[TimeControl "180+1"]
[EndTime "9:54:51 PST"]
[Termination "azikom won on time"]

1. d4 d5 2. Nf3 e6 3. Bf4 Nf6 4. e3 c5 5. Nbd2 Nc6 6. c3 Bd6 7. Bg3 O-O 8. Ne5 Ne7 9. Bd3 b6 10.
O-O Bb7 11. h3 Nf5 12. Bxf5 exf5 13. Bh4 Be7 14. Re1 Ne4 15. Bxe7 Qxe7 16. Nf1 Rfe8 17. Nd3 Qh4 18. Qf3 Ba6 19. Rad1 g6 20. dxc5 bxc5 21. Nf4 Rad8 22. Nxd5 Bc4 23. Qf4 Qxf4 24. Nxf4 Bxa2 25. Ra1 Bc4 26. Rxa7 Rb8 27. f3 Bxf1 28. fxe4 Bc4 29. exf5 Rxb2 30. Rc7 Re5 31. f6 h5 32. Rd1 Rxe3 33. Nxg6 Rg3 34. Nf4 Kh7 35. Rxc5 Ba6 36. Rxh5+ 1-0

[Event "Early-Titled-Tuesday-Blitz-February-27-2024"]
[Site "Chess.com"]
[Date "2024.02.27"]
[Round "10"]
[White "ACollins05"]
[Black "KhazhatulyAlikhan"]
[Result "1-0"]
[WhiteElo "2580"]
[BlackElo "2432"]
[TimeControl "180+1"]
[EndTime "9:54:52 PST"]
[Termination "ACollins05 won by checkmate"]

1. e4 c5 2. Nf3 e6 3. c3 Nf6 4. e5 Nd5 5. d4 cxd4 6. cxd4 d6 7. Bd2 Nc6 8. Nc3 Be7 9. Be2 O-O 10. O-O a6 11. Rc1 Ncb4 12. Bc4 b5 13. Nxd5 Nxd5 14. Bxd5 exd5 15. h3 Bf5 16. Bb4 a5 17. Bxd6 Bxd6 18. exd6 Qxd6 19. Rc5 b4 20. Qb3 Rfd8 21. Rfc1 Rdc8 22.
Ne5 Be6 23. Nc6 Kf8 24. Nxa5 Rxc5 25. Rxc5 Rb8 26. Nc6 Rb6 27. Nxb4 Qf4 28. Qc3 Qd6 29. a3 Ke7 30. Rc7+ Kf6 31. Rc6 Rxc6 32. Qxc6 Qd8 33.
Nd3 Kg6 34. Nf4+ Kf5 35. Nxe6 fxe6 36. Qc2+ Kf6 37. b4 Qa8 38. Qb3 Qa6 39. b5 Qb6 40. Qb2 Qc7 41. b6 Qb7 42. a4 Ke7 43. a5 Kd6 44. Qb5 Qc8 45. Qc5+ Qxc5 46. dxc5+ Kc6 47. a6 e5 48. a7 Kb7 49. c6+ Kxc6 50. a8=Q+ Kxb6 51. Qxd5 Kc7 52. Qxe5+ Kd7 53. Qxg7+ Ke6 54. Qxh7 Kf6 55.
Qh4+ Kg6 56. Qg3+ Kh7 57. f4 Kh6 58. f5 Kh7 59. f6 Kh6 60. f7 Kh7 61. Kf2 Kh6 62.
f8=Q+ Kh7 63. Qfg7# 1-0